 Dungeon Crawl Stone Soup version 0.20.1-1-g8b1a95d (console) character file.

431 hilaritas the Chiller (level 6, -2/32 HPs)
             Began as a Deep Elf Ice Elementalist on Sept 30, 2017.
             Killed by divine providence
             ... invoked by an orc priest
              (12 damage)
             ... on level 4 of the Dungeon.
             The game lasted 00:07:10 (3810 turns).

hilaritas the Chiller (Deep Elf Ice Elementalist)   Turns: 3810, Time: 00:07:11

Health: -2/32      AC: 10    Str:  6    XL:     6   Next: 67%
Magic:  0/17       EV: 13    Int: 21    God:
Gold:   161        SH:  0    Dex: 15    Spells: 3/17 levels left

rFire    + . .     SeeInvis .   F - +2 dagger (freeze)
rCold    . . .     Gourm    .   (no shield)
rNeg     + . .     Faith    .   a - +0 robe
rPois    .         Spirit   .   d - +0 helmet
rElec    .         Reflect  .   (no cloak)
rCorr    .         Harm     .   (no gloves)
MR       .....                  k - +0 pair of boots
Stlth    ++........             (no amulet)
Regen    0.1/turn               r - ring of protection from fire
MPRegen  0.2/turn               p - ring of positive energy

@: icy armour (expiring), slow
A: no striking features
a: no special abilities


You were on level 4 of the Dungeon.
You were hungry.

You visited 1 branch of the dungeon, and saw 4 of its levels.

You collected 161 gold pieces.

Inventory:

Hand Weapons
 F - a +2 dagger of freezing (weapon)
Missiles
 h - 216 stones (quivered)
 l - 76 arrows
Armour
 a - a +0 robe (worn)
 d - a +0 helmet (worn)
 k - a +0 pair of boots (worn)
Jewellery
 e - an uncursed ring of see invisible
 p - a ring of positive energy (right hand)
 r - a ring of protection from fire (left hand)
 y - an uncursed ring of protection from fire
Scrolls
 g - 2 scrolls of remove curse
 u - a scroll of fog
 v - a scroll of identify
Potions
 m - a potion of berserk rage {unknown}
 n - a potion of lignification {unknown}
 t - a potion of mutation {unknown}
 w - a potion of might {unknown}
 x - a potion of heal wounds {unknown}
 A - a potion of magic {unknown}
 B - a potion of brilliance {unknown}
 D - a potion of haste {unknown}
 E - a potion of ambrosia {unknown}
Books
 b - a book of Frost

   Spells                             Type                      Level
   a - Freeze                         Ice                          1
   b - Throw Frost                    Conjuration/Ice              2
   c - Ozocubu's Armour               Charms/Ice                   3
   d - Throw Icicle                   Conjuration/Ice              4
   e - Summon Ice Beast               Ice/Summoning                4
 f - a book of Misfortune

   Spells                             Type                      Level
   a - Confusing Touch                Hexes                        1
   b - Confuse                        Hexes                        3
   c - Gell's Gravitas                Translocation                3
   d - Petrify                        Transmutation/Earth          4
   e - Metabolic Englaciation         Hexes/Ice                    5
   f - Yara's Violent Unravelling     Hexes/Transmutation          5
Comestibles
 c - 4 bread rations
 o - 2 meat rations
 q - 4 royal jellies


   Skills:
 - Level 2.4 Dodging
 - Level 2.4 Stealth
 - Level 6.1 Spellcasting
 * Level 3.1 Conjurations
 + Level 6.2 Ice Magic


You had 3 spell levels left.
You knew the following spells:

 Your Spells              Type           Power        Failure   Level  Hunger
a - Freeze                Ice            ####         1%          1    None
b - Throw Frost           Conj/Ice       ####..       1%          2    None
c - Ozocubu's Armour      Chrm/Ice       ###.....     8%          3    ##.....
d - Throw Icicle          Conj/Ice       ####....     14%         4    ####...
e - Summon Ice Beast      Ice/Summ       ###.....     26%         4    ####...


Dungeon Overview and Level Annotations

Branches:
Dungeon (4/15)
 Temple: D:4-7

Altars:


Message History

You hit the orc. You freeze the orc.
The orc is heavily wounded.
The orc wizard hits you but does no damage.
The orc barely misses you. The orc wizard hits you with a dagger.
You hit the orc. You freeze the orc.
You kill the orc!
Your icy armour starts to melt.
The orc wizard hits you but does no damage.
You feel yourself speed up. The orc wizard hits you with a dagger.
The orc wizard closely misses you.
Casting: Freeze
Confirm with . or Enter, or press ? or * to list all spells.
Aiming: Freeze
Press: ? - help, Shift-Dir - straight line, f - orc wizard
Aim: an orc wizard, wielding a dagger and wearing a robe You freeze the orc wizard.
The orc wizard is moderately wounded.
The orc priest mumbles some strange prayers to Beogh against you.
Beogh smites you!
You die...

#. ....... ######## #.#.#..)....
.......# #.#.#...... ######.#
#.#'#..... #.# #.......# #.#
#.......# #.# #.......# #.#
#..o....# #.# #.#o#.### #.# #o#.#
#.#########@#.####
#.....(.....)......
#################################
............................[....
#################################
#......... #.######## #.# #.# #.#
#.#


You could see an orc priest, an orc wizard and an orc.

Vanquished Creatures
  Edmund (D:4)
  The ghost of Asgaroth the Sneak, an amateur SpAr (D:3)
  An orc priest (D:3)
  2 orc wizards (D:4)
  5 adders
  3 worms
  2 dart slugs
  2 leopard geckos
  8 orcs
  3 giant cockroaches
  7 goblins
  7 hobgoblins
  9 jackals
  3 bats
  2 frilled lizards
  8 kobolds
  5 rats
69 creatures vanquished.

Notes
Turn   | Place    | Note
-------+----------+-------------------------------------------
     0 | D:1      | hilaritas the Deep Elf Ice Elementalist began the quest for the Orb.
     0 | D:1      | Reached XP level 1. HP: 10/10 MP: 6/6
   311 | D:1      | Reached XP level 2. HP: 15/15 MP: 5/8
   340 | D:1      | Learned a level 2 spell: Throw Frost
   969 | D:1      | Reached XP level 3. HP: 19/19 MP: 7/9
  1428 | D:2      | Learned a level 3 spell: Ozocubu's Armour
  2473 | D:3      | Reached skill level 5 in Ice Magic
  2520 | D:3      | Noticed Asgaroth's ghost (amateur SpAr)
  2655 | D:3      | Reached XP level 4. HP: 24/24 MP: 7/10
  2834 | D:3      | Killed Asgaroth's ghost
  2834 | D:3      | Reached XP level 5. HP: 12/28 MP: 3/15
  2871 | D:3      | Learned a level 4 spell: Throw Icicle
  2876 | D:3      | Learned a level 4 spell: Summon Ice Beast
  3356 | D:4      | Noticed Edmund
  3380 | D:4      | Killed Edmund
  3380 | D:4      | Reached XP level 6. HP: 11/32 MP: 1/17
  3810 | D:4      | Killed from afar by an orc priest

Skill      XL: |  1  2  3  4  5  6 |
---------------+-------------------+-----
Ice Magic      | 4 5 6 |  6.2
Conjurations   | 2 3 |  3.1
Spellcasting   | 6 |  6.1
Dodging        | |  2.4
Stealth        | |  2.4

Action                   |  1- 3 |  4- 6 || total
-------------------------+-------+-------++-------
Melee: Short sword       |     2 |     1 ||     3
       Dagger            |       |     9 ||     9
 Cast: Freeze            |    67 |    64 ||   131
       Ozocubu's Armour  |       |     3 ||     3
       Throw Frost       |       |     1 ||     1
  Use: Scroll            |       |     5 ||     5
       Potion            |       |     1 ||     1
  Eat: Chunk             |     4 |     3 ||     7
       Fruit             |     1 |       ||     1
Armor: Robe              |    14 |    26 ||    40
Dodge: Dodged            |    24 |    40 ||    64
